 Dungeon Crawl Stone Soup version 0.21.0 (webtiles) character file.

12828 letownia2 the Grappler (level 11, -6/64 HPs)
             Began as a Gargoyle Fighter on Jan 7, 2018.
             Was an Initiate of Gozag.
             Splashed by a kobold demonologist's acid (13 damage)
             ... on level 11 of the Dungeon.
             The game lasted 00:36:57 (12044 turns).

letownia2 the Grappler (Gargoyle Fighter)          Turns: 12044, Time: 00:36:57

Health: -6/64      AC: 22    Str: 20    XL:     11   Next: 99%
Magic:  21/21      EV:  9    Int: 12    God:    Gozag
Gold:   2246       SH:  0    Dex:  9    Spells: 15/23 levels left

rFire    . . .     SeeInvis .     - Unarmed
rCold    . . .     Gourm    .   (no shield)
rNeg     + + .     Faith    .   k - +0 pearl dragon scales
rPois    ∞         Spirit   .   D - +2 hat
rElec    +         Reflect  .   (no cloak)
rCorr    .         Harm     .   (no gloves)
MR       .....                  O - +0 pair of boots
Stlth    ..........             N - amulet of magic regeneration
HPRegen  0.20/turn              (no ring)
MPRegen  0.42/turn              (no ring)

@: corroded
A: molten scales 1, mutation resistance 1, negative energy resistance 1,
screaming 1, electricity resistance, unbreathing, petrification resistance, rot
immunity, AC +8
a: Potion Petition, Call Merchant, Bribe Branch, Renounce Religion


You were on level 11 of the Dungeon.
You worshipped Gozag.
Gozag was most pleased with you.
You were not hungry.

You visited 2 branches of the dungeon, and saw 12 of its levels.
You also visited: Ossuary.

You collected 2381 gold pieces.
You paid 135 gold pieces to Gozag.

Inventory:

Hand Weapons
 w - a +1 shortbow
Missiles
 h - a throwing net (quivered)
 x - 17 arrows
Armour
 a - a +0 scale mail
 b - a +0 shield
 k - +0 pearl dragon scales (worn)
 D - a +2 hat (worn)
 I - a +1 animal skin
 O - a +0 pair of boots (worn)
Jewellery
 f - an uncursed ring of ice
 N - an amulet of magic regeneration (around neck)
Wands
 s - a wand of digging (16)
 E - a wand of enslavement (4)
 G - a wand of clouds (4)
 J - a wand of acid (1)
 M - a wand of paralysis (17)
Scrolls
 e - 5 scrolls of enchant weapon
 g - 4 scrolls of amnesia
 i - 7 scrolls of identify
 l - 2 scrolls of fog {unknown}
 q - 3 scrolls of remove curse
 r - 2 scrolls of teleportation {unknown}
 t - 2 scrolls of enchant armour {unknown}
 u - 3 scrolls of immolation {unknown}
 y - 2 scrolls of blinking {unknown}
Potions
 c - 9 potions of curing
 j - a potion of heal wounds
 m - a potion of magic
 n - 2 potions of invisibility
 o - 2 potions of might
 p - a potion of agility
 z - 3 potions of lignification
 A - a potion of ambrosia
 B - a potion of resistance
 C - 5 potions of haste
 F - a potion of experience {unknown}
 H - a potion of flight
 K - a potion of cancellation
Books
 v - a book of Minor Magic

   Spells                             Type                      Level
   a - Magic Dart                     Conjuration                  1
   b - Blink                          Translocation                2
   c - Call Imp                       Summoning                    2
   d - Slow                           Hexes                        2
   e - Conjure Flame                  Conjuration/Fire             3
   f - Mephitic Cloud                 Conjuration/Poison/Air       3
Miscellaneous
 L - a sack of spiders
Comestibles
 d - 14 rations


   Skills:
 - Level 6.1 Fighting
 + Level 6.1 Armour
 - Level 3.2 Shields
 + Level 13.2 Unarmed Combat
 + Level 6.7 Spellcasting
 - Level 5.1 Conjurations
 - Level 3.0 Translocations
 - Level 3.4 Fire Magic
 - Level 2.7 Air Magic
 - Level 3.4 Poison Magic


You had 15 spell levels left.
You knew the following spells:

 Your Spells              Type           Power        Failure   Level  Hunger
a - Blink                 Tloc           N/A          24%         2    #......
b - Conjure Flame         Conj/Fire      ##......     26%         3    ###....
e - Mephitic Cloud        Conj/Pois/Air  ##......     34%         3    ###....


Dungeon Overview and Level Annotations

Branches:
Dungeon (11/15)            Temple (1/1) D:6            Lair (0/6) D:10
    Orc: D:9-12

Altars:
Ashenzari
Cheibriados
Dithmenos
Elyvilon
Gozag
Kikubaaqudgha
Makhleb
Nemelex Xobeh
Okawaru
Ru
Sif Muna
Trog
Vehumet
Wu Jian
Xom
Yredelemnul
Zin

Shops:
D:10 *

Annotations:
D:3 Robin


Innate Abilities, Weirdness & Mutations

You are resistant to torment.
Your stone body is resilient. (AC +8)
You are immune to poison.
You resist negative energy. (rN+)
You are resistant to electric shocks. (rElec)
You can survive without breathing.
You are immune to petrification.
You are immune to rotting.
You are partially covered in molten scales. (AC +2)
You are somewhat resistant to further mutation.
You occasionally shout uncontrollably at your foes.


Message History

The quasit claws you but does no damage. x2
The kobold demonologist zaps a wand.
The bolt of acid hits you! The acid corrodes you!
You are splashed with acid!
The acid burns!
It is a wand of acid (6).
The orc hits you with a war axe.
The orc priest hits you from afar with a spear of venom.
* * * LOW HITPOINT WARNING * * *
The ufetubus barely misses you. x2; The white imp barely misses you.
The quasit bites you but does no damage.
The quasit closely misses you.
The quasit claws you but does no damage.
Unknown command.
Unknown command.
Unknown command.
The ufetubus hits you but does no damage.
The ufetubus closely misses you.
The kobold demonologist zaps a wand.
The bolt of acid hits you!
* * * LOW HITPOINT WARNING * * *
You are splashed with acid!
The acid burns!
You die...
Your body crumbles into a pile of gold.

....... _. ... ###......
#...... ....... ........
#......#.#.....# #......
#......#.#.## ...#......
#..........##..#.#......
#.........# #.!.<$......
.....o55K.###....#......
#.....o.5...........)<..
..$...#@...#.%..#.......
....###.#...$.........o.
..# ##..#.#........#...u
. ##...................
##.<)............#..#.
##..).............#..#.
#......#..........#..#.
########....##....####.
$$$ #.#.## .#.$#..#.


You could see a kobold demonologist, an orc priest, a quasit, a white imp, an
orc and an ufetubus.

Vanquished Creatures
  A catoblepas (D:11)
  2 two-headed ogres
  The ghost of Rjs the Destroyer, a novice GnCj of Sif Muna (D:8)
  A deep elf mage (D:9)
  Joseph (D:7)
  A gargoyle (D:10)
  A queen bee (D:8)
  2 hornets
  2 trolls
  Grinder (D:4)
  A meliai zombie (D:10)
  Sigmund (D:3)
  7 yaks (D:10)
  Grum (D:9)
  A hungry ghost (D:11)
  Menkaure (D:5)
  A water moccasin (D:10)
  2 orc warriors
  2 porcupines (D:10)
  2 black bears (D:10)
  3 ice beasts
  A phantom (D:7)
  3 necrophages
  2 ogres
  4 wolves (D:8)
  2 centaurs (D:6)
  2 crocodiles (D:10)
  The ghost of PipsiMox the Covered, an amateur GrFi of Okawaru (D:3)
  7 bullfrogs
  A gnoll sergeant (D:5)
  A wyvern skeleton (D:9)
  4 scorpions
  12 wights
  15 killer bees
  5 howler monkeys
  5 crimson imps
  3 bullfrog zombies
  3 jellies
  A centaur skeleton (D:2)
  7 orc priests
  2 hounds
  17 orc wizards
  4 iguanas
  Jessica (D:3)
  Terence (D:3)
  4 worker ants
  Natasha (thrice) (D:4)
  A hound zombie (D:7)
  13 mummies (Ossuary)
  2 howler monkey skeletons
  A worker ant zombie (D:10)
  12 gnolls
  12 adders
  4 shadow imps
  2 oozes
  An adder zombie (D:5)
  An adder skeleton (D:4)
  2 worms
  4 dart slugs
  6 leopard geckos
  39 orcs
  5 bats
  3 giant cockroaches
  17 goblins
  8 hobgoblins
  9 jackals
  3 quokkas
  A ball python (D:5)
  4 frilled lizards
  3 goblin skeletons (Ossuary)
  11 kobolds
  3 kobold skeletons (Ossuary)
  A leopard gecko skeleton (D:4)
  An orc skeleton (Ossuary)
  3 quokka skeletons
  3 rats
  11 rat skeletons (Ossuary)
332 creatures vanquished.

Vanquished Creatures (others)
  A wight (D:9)
  An orc (D:11)
  A kobold skeleton (Ossuary)
  23 fungi (D:10)
  6 plants (D:10)
32 creatures vanquished.

Grand Total: 364 creatures vanquished

Notes
Turn   | Place    | Note
-------+----------+-------------------------------------------
     0 | D:1      | letownia2 the Gargoyle Fighter began the quest for the Orb.
     0 | D:1      | Reached XP level 1. HP: 14/14 MP: 1/1
   102 | D:1      | You fall through a shaft!
   102 | D:2      | Found a sparkling altar of Nemelex Xobeh.
   199 | D:3      | Noticed Jessica
   206 | D:3      | Killed Jessica
   206 | D:3      | Reached skill level 3 in Unarmed Combat
   206 | D:3      | Reached XP level 2. HP: 3/19 MP: 2/2
   206 | D:3      | Reached XP level 3. HP: 3/23 MP: 3/3
   690 | D:3      | Noticed Sigmund
   720 | D:3      | Noticed PipsiMox's ghost (amateur GrFi)
   720 | D:3      | Killed Sigmund
   720 | D:3      | Reached skill level 5 in Unarmed Combat
   720 | D:3      | Reached XP level 4. HP: 15/28 MP: 4/4
   720 | D:3      | Reached XP level 5. HP: 17/32 MP: 5/5
   723 | D:3      | Gained mutation: You have sharp toenails. [potion of mutation]
   723 | D:3      | Gained mutation: You occasionally shout uncontrollably at your foes. [potion of mutation]
   723 | D:3      | Gained mutation: You tend to lose your temper in combat. [potion of mutation]
   723 | D:3      | Gained mutation: You have a pair of small horns on your head. [potion of mutation]
   727 | D:3      | Killed PipsiMox's ghost
   727 | D:3      | Reached skill level 6 in Unarmed Combat
   727 | D:3      | Reached XP level 6. HP: 14/37 MP: 6/6
   977 | D:4      | Noticed an ice beast
   985 | D:4      | Noticed Grinder
   997 | D:4      | Killed an ice beast
  1013 | D:3      | Reached skill level 7 in Unarmed Combat
  1091 | D:4      | Paralysed by Grinder for 4 turns
  1096 | D:4      | Killed Grinder
  1096 | D:4      | Reached XP level 7. HP: 18/41 MP: 7/7
  1129 | D:4      | Reached skill level 8 in Unarmed Combat
  1169 | D:4      | Found a sand-covered staircase.
  1350 | Ossuary  | Entered an ossuary
  1734 | Ossuary  | Reached skill level 9 in Unarmed Combat
  1852 | D:4      | Reached XP level 8. HP: 43/46 MP: 8/8
  1884 | D:4      | Noticed Natasha
  1897 | D:4      | Killed Natasha
  2088 | D:4      | Noticed Natasha
  2100 | D:4      | Killed Natasha
  2112 | D:4      | Noticed Natasha
  2115 | D:4      | Killed Natasha
  2262 | D:5      | Entered Level 5 of the Dungeon
  2599 | D:5      | Reached skill level 10 in Unarmed Combat
  2625 | D:5      | Noticed Menkaure
  2641 | D:5      | Killed Menkaure
  2983 | D:6      | Reached skill level 11 in Unarmed Combat
  3024 | D:6      | Reached XP level 9. HP: 43/51 MP: 9/9
  3246 | D:6      | Found a staircase to the Ecumenical Temple.
  3257 | Temple   | Entered the Ecumenical Temple
  3275 | Temple   | Became a worshipper of Gozag Ym Sagoz the Greedy
  3827 | D:3      | Noticed Terence
  3831 | D:3      | Killed Terence
  3991 | D:3      | Noticed Robin
  4711 | D:2      | Found an ornate altar of the Wu Jian Council.
  5123 | D:1      | Lost mutation: You tend to lose your temper in combat. [potion of mutation]
  5123 | D:1      | Lost mutation: You have sharp toenails. [potion of mutation]
  5123 | D:1      | Lost mutation: You have a pair of small horns on your head. [potion of mutation]
  5123 | D:1      | Gained mutation: You are somewhat resistant to further mutation. [potion of mutation]
  5123 | D:1      | Gained mutation: You are partially covered in molten scales. (AC +2) [potion of mutation]
  5839 | D:7      | Reached skill level 5 in Fighting
  5855 | D:7      | Found a shimmering altar of Xom.
  5949 | D:7      | Reached skill level 5 in Armour
  6202 | D:7      | Noticed Joseph
  6239 | D:7      | Killed Joseph
  6270 | D:7      | Reached skill level 12 in Unarmed Combat
  6270 | D:7      | Reached XP level 10. HP: 60/60 MP: 10/10
  6421 | D:7      | Found an ancient bone altar of Kikubaaqudgha.
  6421 | D:7      | Found a sacrificial altar of Ru.
  6426 | D:7      | Found a radiant altar of Vehumet.
  6428 | D:7      | Found a faded altar of an unknown god.
  6430 | D:7      | Found a faded altar of an unknown god.
  6540 | D:7      | Found a basalt altar of Yredelemnul.
  6550 | D:7      | Found a deep blue altar of Sif Muna.
  6630 | D:7      | Learned a level 2 spell: Blink
  6634 | D:7      | Learned a level 3 spell: Conjure Flame
  6638 | D:7      | Learned a level 3 spell: Mephitic Cloud
  6699 | D:8      | Noticed Rjs's ghost (novice GnCj)
  6991 | D:7      | Reached skill level 1 in Fire Magic
  7308 | D:8      | Killed Rjs's ghost
  7308 | D:8      | Reached skill level 1 in Spellcasting
  7308 | D:8      | Reached skill level 1 in Conjurations
  7308 | D:8      | Reached skill level 1 in Translocations
  7308 | D:8      | Reached skill level 1 in Air Magic
  7308 | D:8      | Reached skill level 1 in Poison Magic
  7961 | D:9      | Noticed Grum
  7961 | D:9      | Noticed a deep elf mage
  8109 | D:9      | Noticed a two-headed ogre
  9357 | D:9      | Killed Grum
  9378 | D:9      | Reached XP level 11. HP: 53/64 MP: 15/15
  9537 | D:9      | HP: 2/64 [acid (13)]
  9582 | D:9      | HP: 3/64 [acid (9)]
 10403 | D:9      | Killed a deep elf mage
 10527 | D:9      | Killed a two-headed ogre
 10527 | D:9      | Reached skill level 5 in Conjurations
 10583 | D:10     | Entered Level 10 of the Dungeon
 10690 | D:10     | Found Uraj's Assorted Antiques.
 10827 | D:10     | Noticed a two-headed ogre
 10853 | D:10     | Killed a two-headed ogre
 10853 | D:10     | Reached skill level 5 in Spellcasting
 10958 | D:10     | Found a staircase to the Lair.
 11396 | D:11     | Noticed a catoblepas
 11405 | D:10     | Reached skill level 13 in Unarmed Combat
 11751 | D:11     | Killed a catoblepas
 11872 | D:11     | Noticed a brown ugly thing
 12033 | D:11     | Found a glowing silver altar of Zin.
 12044 | D:11     | Splashed by a kobold demonologist's acid

Skill      XL: |  1  2  3  4  5  6  7  8  9 10 11 |
---------------+----------------------------------+-----
Unarmed Combat | 3 5 6 7 9 11 12 13 | 13.2
Fighting       | 6 |  6.1
Armour         | 6 |  6.1
Fire Magic     | 3 |  3.4
Spellcasting   | 2 6 |  6.7
Conjurations   | 3 5 |  5.1
Translocations | 2 3 |  3.0
Air Magic      | 2 |  2.7
Poison Magic   | 3 |  3.4
Shields        | |  3.2

Action                   |  1- 3 |  4- 6 |  7- 9 | 10-12 || total
-------------------------+-------+-------+-------+-------++-------
Melee: Unarmed           |    70 |    35 |   504 |   743 ||  1352
       Kick              |       |     8 |    98 |       ||   106
       Headbutt          |       |     7 |    56 |       ||    63
       Punch             |       |       |    25 |    31 ||    56
Throw: Throwing net      |       |       |       |     4 ||     4
 Cast: Mephitic Cloud    |       |       |       |     6 ||     6
       Blink             |       |       |       |     1 ||     1
Evoke: Wand              |       |       |     1 |     9 ||    10
       Sack of spiders   |       |       |       |     2 ||     2
  Use: Potion            |     1 |     2 |     1 |     6 ||    10
       Scroll            |       |       |     4 |     7 ||    11
 Stab: Distracted        |       |       |     1 |     2 ||     3
  Eat: Chunk             |       |       |     9 |       ||     9
       Ration            |       |       |     3 |     6 ||     9
Armor: Scale mail        |    10 |       |       |       ||    10
       Pearl dragon scal |    13 |    19 |   246 |   489 ||   767
       Skin              |     2 |     1 |       |       ||     3
Dodge: Dodged            |    17 |     6 |   156 |   342 ||   521
Block: Shield            |     7 |       |       |       ||     7
